 Dungeon Crawl Stone Soup version 0.27-a0-320-g81d27af2d4 (webtiles) character file.

Game seed: 5176053586185669956

28903 kae the Grappler (level 13, -1/113 HPs)
             Began as a Black Draconian Transmuter on Feb 10, 2021.
             Was a High Priest of Ru.
             Succumbed to bmj180's ghost's poison
             ... on level 4 of the Lair of Beasts.
             The game lasted 00:15:28 (27466 turns).

kae the Grappler (Black Draconian Transmuter)      Turns: 27466, Time: 00:15:28

Health: -1/113     AC: 10    Str: 16    XL:     13   Next: 12%
Magic:  17/25      EV: 23    Int: 14    God:    Ru [*****.]
Gold:   1262       SH:  5    Dex: 19    Spells: 14/29 levels left

rFire    . . .     SeeInvis .     - Unarmed
rCold    . . .     Faith    .   (no shield)
rNeg     . . .     Spirit   .   (armour unavailable)
rPois    .         Reflect  +   q - +2 hat
rElec    +         Harm     .   (no cloak)
rCorr    .         Rampage  .   (no gloves)
Will     .....                  (no boots)
Stlth    ..........             v - amulet of reflection
HPRegen  0.28/turn              n - +4 ring of evasion
MPRegen  0.19/turn              w - +6 ring of dexterity

@: lethally poisoned (-1 -> -68), exhausted
A: breathe lightning, unfitting armour, electricity resistance, cold-blooded, no
stealth, inability to use devices, hated by all, inexperienced 1, AC +8
a: Breathe Lightning, Renounce Religion, Draw Out Power, Power Leap, Apocalypse


You were on level 4 of the Lair of Beasts.
You worshipped Ru.
Ru was extremely pleased with you.
You visited 3 branches of the dungeon, and saw 18 of its levels.

You collected 1262 gold pieces.

Inventory:

Armour
 q - a +2 hat (worn)
Jewellery
 f - an amulet of the acrobat
 j - a +6 ring of strength {unknown}
 n - a +4 ring of evasion (left hand)
 r - a ring of fire
 s - a ring of poison resistance
 t - a ring of fire
 u - a ring of protection from cold
 v - an amulet of reflection (around neck)
 w - a +6 ring of dexterity (right hand)
 y - a ring of protection from cold
 C - a ring of ice
 D - a ring of protection from fire
 H - a ring of see invisible
Wands
 x - a wand of iceblast (16)
 z - a wand of acid (12)
Scrolls
 b - 2 scrolls of magic mapping
 c - 3 scrolls of immolation
 d - 5 scrolls of enchant armour
 e - a scroll of amnesia
 g - 7 scrolls of teleportation
 m - a scroll of blinking
 G - 2 scrolls of enchant weapon
 L - 3 scrolls of fog
Potions
 a - 4 potions of flight
 h - 6 potions of attraction
 i - 8 potions of curing
 k - a potion of mutation
 l - a potion of ambrosia
 o - 2 potions of resistance
 A - a potion of invisibility
 B - 3 potions of cancellation
 E - 2 potions of haste
 F - 3 potions of heal wounds
 I - a potion of might
 K - a potion of brilliance
 M - 3 potions of lignification {unknown}


   Skills:
 + Level 10.0 Fighting
 + Level 8.6 Dodging
 * Level 13.0 Unarmed Combat
 + Level 8.7 Spellcasting
 * Level 12.6 Transmutations
 - Level 5.0 Ice Magic
 - Level 2.0 Poison Magic


You had 14 spell levels left.
You knew the following spells:

 Your Spells              Type           Power        Failure   Level
a - Beastly Appendage     Tmut           82%          1%          1
b - Spider Form           Tmut/Pois      13%          1%          3
c - Ice Form              Ice/Tmut       30%          3%          4
d - Blade Hands           Tmut           20%          1%          5
e - Passwall              Tmut/Erth      19%          1%          2

Your spell library contained the following spells:

 Spells                   Type           Power        Failure   Level
 Wereblood                Tmut           41%          1%          2
 Ensorcelled Hibernation  Hex/Ice        26%          6%          2
 Petrify                  Tmut/Erth      23%          9%          4
 Corona                   Hex            6%           12%         1
 Sandblast                Erth           12%          12%         1
 Confusing Touch          Hex            6%           34%         3
 Dazzling Flash           Conj/Hex       12%          34%         3
 Stone Arrow              Conj/Erth      12%          34%         3
 Lee's Rapid Deconstruct  Erth           3%           97%         5
 Tukima's Dance           Hex            Unusable     N/A         3

Dungeon Overview and Level Annotations

Branches:
Dungeon (13/15)            Temple (1/1) D:6            Lair (4/6) D:9
 Shoals (0/4) Lair:3       Spider (0/4) Lair:3          Orc (0/2) D:9
 Vaults: D:13-14

Altars:
Ashenzari
Cheibriados
Dithmenos
Elyvilon
Fedhas
Gozag
Hepliaklqana
Kikubaaqudgha
Makhleb
Nemelex Xobeh
Okawaru
Qazlal
Ru
Sif Muna
Trog
Uskayaw
Vehumet
Wu Jian
Xom
Yredelemnul
Zin
The Shining One

Shops:
D:4 (

Annotations:
Lair:4 bmj180's ghost, journeyman MiFi


Innate Abilities, Weirdness & Mutations

You can breathe wild blasts of lightning.
Your glossy black scales are hard. (AC +8)
You cannot fit into any form of body armour.
You are resistant to electric shocks. (rElec)
You are cold-blooded and may be slowed by cold attacks.
You cannot be stealthy.
You cannot study or use magical devices.
You are hated by all.
You are somewhat inexperienced. (-2 XL)


Message History

You are poisoned.
You hit bmj180's ghost but do no damage.
Bmj180's ghost is lightly damaged.
You feel very sick.
You closely miss bmj180's ghost.
Bmj180's ghost is lightly damaged.
You feel sick. Bmj180's ghost closely misses you.
You closely miss bmj180's ghost.
Bmj180's ghost is lightly damaged.
You feel sick. Bmj180's ghost hits you!!
You are more poisoned.
You slice bmj180's ghost!!
Bmj180's ghost is moderately damaged.
You feel sick.
You closely miss bmj180's ghost.
Your tail-slap misses bmj180's ghost.
Bmj180's ghost is moderately damaged.
You feel very sick. Bmj180's ghost hits you!
You are lethally poisoned!
You hit bmj180's ghost but do no damage.
Bmj180's ghost is moderately damaged.
You feel very sick. Bmj180's ghost hits you!
* * * LOW HITPOINT WARNING * * *
You are more poisoned.
You barely miss bmj180's ghost.
Bmj180's ghost is moderately damaged.
* * * LOW HITPOINT WARNING * * *
You feel very sick. Bmj180's ghost hits you.
* * * LOW HITPOINT WARNING * * *
You are more poisoned.
Aiming: Power Leap
Press: ? - help, Dir - move target Your hands revert to their normal proportions.
* * * LOW HITPOINT WARNING * * *
You feel very sick.
* * * LOW HITPOINT WARNING * * *
You feel very sick.
You die...

##.........#..#...#####.........
##.............##..#$[.##.....#..
#.........##.......#.≈.##.#......
##........##.......#.≈.#.........
..#...............>#.≈.#.........
...................#.≈.#.....[...
.#.......P.........##'##.........
........P..........(.............
.............<..@..W............#
.................................
#...##.......#...................
.....#...........................
....#.......................##.P.
.....#..##..............(...#.##.
..............................#..
.....................PP.........#
...............P......PPP........


You could see bmj180's ghost.

Vanquished Creatures
  Nessos (D:13)
  A fire dragon (D:8)
  2 hydras
  2 centaur warriors (D:13)
  3 death yaks
  7 two-headed ogres
  3 skeletal warriors
  4 unseen horrors
  2 deep elf pyromancers
  2 manticores
  3 ugly things
  Maurice (D:10)
  5 cyclopes
  A black mamba (Lair:1)
  2 centaur skeletons
  8 cane toads
  Joseph (D:10)
  A demonic crawler (Lair:2)
  A komodo dragon (D:12)
  6 trolls
  4 dream sheep (Lair:4)
  14 blink frogs
  A meliai zombie (D:11)
  A shadow (D:13)
  6 wyverns
  Sigmund (D:3)
  A vampire (D:13)
  23 yaks
  Grum (D:11)
  2 basilisks
  3 vampire mosquitoes (D:12)
  A soldier ant (D:12)
  12 water moccasins
  7 orc warriors
  An ice beast (D:5)
  2 black bears
  7 ogres
  4 sky beasts
  An eye of draining (D:13)
  A necrophage (D:11)
  8 centaurs
  15 wolves
  4 phantoms
  A kobold brigand (D:13)
  23 bullfrogs
  A wyvern zombie (D:13)
  A gnoll sergeant (D:8)
  A wyvern skeleton (D:13)
  11 scorpions
  6 killer bees (D:12)
  A vampire bat (D:7)
  14 wights
  3 howler monkeys
  4 bullfrog zombies
  2 centaur zombies
  5 jellies
  A quasit (D:9)
  6 orc priests
  2 iguanas
  7 hounds
  5 bullfrog skeletons
  19 orc wizards
  12 worker ants
  A hound skeleton (D:9)
  A howler monkey zombie (D:8)
  A worker ant zombie (D:8)
  Robin (D:2)
  3 gnolls
  9 adders
  4 shadow imps
  4 white imps
  3 oozes
  An adder skeleton (D:8)
  An adder zombie (D:10)
  6 worms
  2 dart slugs
  4 leopard geckos
  85 orcs
  A ball python (D:1)
  2 bat skeletons (D:7)
  2 bat zombies (D:7)
  8 giant cockroaches
  2 gnoll zombies (D:3)
  19 goblins
  13 hobgoblins
  2 jackals (D:1)
  4 quokkas
  7 bats
  2 frilled lizards
  A jackal skeleton (D:6)
  11 kobolds
  A quokka zombie (D:6)
  6 rats
508 creatures vanquished.

Vanquished Creatures (others)
  A torpor snail (Lair:3)
  A centaur skeleton (D:12)
  An orc priest (D:10)
  A giant cockroach (Lair:3)
  14 fungi
  40 plants
58 creatures vanquished.

Grand Total: 566 creatures vanquished

Notes
Turn   | Place    | Note
-------+----------+-------------------------------------------
     0 | D:1      | kae the Draconian Transmuter began the quest for the Orb.
     0 | D:1      | Reached XP level 1. HP: 16/16 MP: 3/3
   152 | D:1      | Reached XP level 2. HP: 22/23 MP: 3/5
   900 | D:2      | Reached XP level 3. HP: 28/28 MP: 4/6
  1390 | D:2      | Reached XP level 4. HP: 32/36 MP: 5/7
  1400 | D:2      | Learned a level 3 spell: Spider Form
  1761 | D:2      | Noticed Robin
  1805 | D:2      | Killed Robin
  1811 | D:2      | Reached skill level 4 in Unarmed Combat
  2100 | D:2      | Reached XP level 5. HP: 38/41 MP: 6/8
  2973 | D:3      | Found a basalt altar of Yredelemnul.
  3326 | D:3      | Noticed Sigmund
  3343 | D:3      | Killed Sigmund
  3344 | D:3      | Reached skill level 1 in Poison Magic
  3344 | D:3      | Reached XP level 6. HP: 31/50 MP: 6/10
  4114 | D:4      | Learned a level 4 spell: Ice Form
  4176 | D:4      | Found Bumniwk's Antique Weapon Shoppe.
  4743 | D:4      | Found a shimmering blue altar of Sif Muna.
  4890 | D:4      | Reached skill level 1 in Ice Magic
  5419 | D:5      | Entered Level 5 of the Dungeon
  5425 | D:5      | Found a snail-covered altar of Cheibriados.
  5437 | D:5      | Your scales start taking on a glossy black colour.
  5437 | D:5      | Reached XP level 7. HP: 54/56 MP: 7/11
  5437 | D:5      | Gained mutation: You are resistant to electric shocks.
                  | (rElec) [Black Draconian growth]
  5609 | D:5      | Reached skill level 5 in Unarmed Combat
  6247 | D:5      | Found a shadowy altar of Dithmenos.
  6690 | D:5      | Reached XP level 8. HP: 63/63 MP: 9/13
  7081 | D:5      | Found a snail-covered altar of Cheibriados.
  7444 | D:6      | Found a glowing silver altar of Zin.
  7591 | D:6      | Found a staircase to the Ecumenical Temple.
  7607 | D:6      | Reached skill level 5 in Transmutations
  7620 | Temple   | Entered the Ecumenical Temple
  8072 | Temple   | Became a worshipper of Ru the Awakened
  9032 | D:7      | Found a sparkling altar of Nemelex Xobeh.
  9373 | D:7      | Reached skill level 6 in Unarmed Combat
  9835 | D:7      | Gained mutation: You cannot be stealthy. [Ru sacrifice]
  9955 | D:7      | Found an ancient bone altar of Kikubaaqudgha.
 10280 | D:8      | Reached XP level 9. HP: 61/71 MP: 12/15
 10461 | D:8      | Noticed a deep elf pyromancer
 10689 | D:8      | Killed a deep elf pyromancer
 10690 | D:8      | Reached skill level 7 in Unarmed Combat
 10690 | D:8      | Reached skill level 5 in Ice Magic
 10864 | D:8      | Noticed a fire dragon
 10914 | D:7      | Learned a level 5 spell: Blade Hands
 10928 | D:8      | Killed a fire dragon
 10929 | D:8      | Reached skill level 5 in Fighting
 11098 | D:8      | Found a hide-covered altar of Uskayaw.
 11190 | D:8      | Reached skill level 5 in Spellcasting
 11190 | D:8      | Reached XP level 10. HP: 81/81 MP: 12/17
 11337 | D:8      | Found a sacrificial altar of Ru.
 11382 | D:8      | Reached skill level 8 in Unarmed Combat
 11387 | D:8      | Reached skill level 5 in Dodging
 11432 | D:8      | Found a white marble altar of Elyvilon.
 11432 | D:8      | Noticed a manticore
 11441 | D:8      | Killed a manticore
 12185 | D:9      | Noticed a two-headed ogre
 12216 | D:8      | Killed a two-headed ogre
 12512 | D:9      | Found a stormy altar of Qazlal.
 12543 | D:9      | Found a staircase to the Lair.
 12597 | D:9      | Found an ornate altar of the Wu Jian Council.
 12597 | D:9      | Noticed a two-headed ogre
 12608 | D:9      | Killed a two-headed ogre
 12624 | D:9      | Found a shimmering altar of Xom.
 12624 | D:9      | Found a blossoming altar of Fedhas.
 12733 | D:9      | Found a shimmering altar of Xom.
 12733 | D:9      | Found a glowing silver altar of Zin.
 12733 | D:9      | Found a shimmering altar of Xom.
 12968 | D:9      | Gained mutation: You are hated by all. [Ru sacrifice]
 12968 | D:9      | Reached * piety under Ru
 12968 | D:9      | Reached ** piety under Ru
 13139 | D:9      | Reached skill level 9 in Unarmed Combat
 13397 | D:9      | Found a staircase to the Orcish Mines.
 13559 | D:10     | Entered Level 10 of the Dungeon
 13616 | D:10     | Noticed Joseph
 13633 | D:10     | Killed Joseph
 13951 | D:10     | Killed an unseen horror
 13952 | D:10     | Reached XP level 11. HP: 71/91 MP: 15/19
 13963 | D:10     | Killed an unseen horror
 14336 | D:10     | Noticed Maurice
 14349 | D:10     | Killed Maurice
 15487 | D:11     | Noticed an eight-headed hydra
 15590 | D:11     | Noticed a two-headed ogre
 15597 | D:11     | Killed a two-headed ogre
 16061 | D:11     | Noticed a brown ugly thing
 16066 | D:11     | Noticed Grum
 16077 | D:11     | Killed a brown ugly thing
 16078 | D:11     | Reached skill level 10 in Unarmed Combat
 16091 | D:11     | Gained mutation: You cannot study or use magical devices.
                  | [Ru sacrifice]
 16091 | D:11     | Reached *** piety under Ru
 16091 | D:11     | Reached **** piety under Ru
 16136 | D:11     | Killed an eight-headed hydra
 16801 | D:11     | Killed Grum
 17068 | D:11     | Reached skill level 10 in Transmutations
 17485 | D:12     | Noticed a skeletal warrior
 17503 | D:11     | Killed a skeletal warrior
 17651 | D:12     | Noticed a skeletal warrior
 17652 | D:12     | Noticed a skeletal warrior
 17673 | D:11     | Killed a skeletal warrior
 17989 | D:12     | Killed a skeletal warrior
 17990 | D:12     | Reached XP level 12. HP: 49/101 MP: 18/22
 18337 | D:12     | Noticed a two-headed ogre
 18349 | D:12     | Killed a two-headed ogre
 18764 | D:12     | Reached skill level 11 in Unarmed Combat
 18939 | D:12     | Noticed a two-headed ogre
 18947 | D:12     | Killed a two-headed ogre
 19675 | D:12     | Gained mutation: You are somewhat inexperienced. (-2 XL)
                  | [Ru sacrifice]
 19675 | D:12     | Reached XP level 11. HP: 114/114 MP: 20/22
 19675 | D:12     | Reached XP level 10. HP: 108/108 MP: 20/21
 19675 | D:12     | Reached ***** piety under Ru
 20304 | D:13     | Noticed a centaur warrior
 20314 | D:13     | Killed a centaur warrior
 20315 | D:13     | Reached XP level 11. HP: 56/95 MP: 11/22
 20315 | D:13     | Noticed a two-headed ogre
 20585 | D:13     | Noticed Nessos
 20949 | D:13     | Killed Nessos
 20954 | D:13     | Killed a two-headed ogre
 20955 | D:13     | Noticed a centaur warrior
 20960 | D:13     | Killed a centaur warrior
 20976 | D:13     | Noticed a two-headed ogre
 20983 | D:13     | Killed a two-headed ogre
 21181 | D:13     | Noticed a deep elf pyromancer
 21190 | D:13     | Killed a deep elf pyromancer
 21380 | D:13     | Reached skill level 12 in Unarmed Combat
 21426 | D:13     | Killed an unseen horror
 21704 | D:13     | Noticed a green ugly thing
 21710 | D:13     | Killed a green ugly thing
 22301 | Lair:1   | Entered Level 1 of the Lair of Beasts
 23214 | Lair:1   | Reached XP level 12. HP: 104/104 MP: 21/24
 23433 | Lair:1   | Learned a level 2 spell: Passwall
 24263 | Lair:2   | Noticed a seven-headed hydra
 24273 | Lair:2   | Killed a seven-headed hydra
 24863 | Lair:3   | Noticed a death yak
 24864 | Lair:3   | Noticed a death yak
 24866 | Lair:3   | Noticed a death yak
 24867 | Lair:3   | Noticed a death yak
 24873 | Lair:3   | Killed a death yak
 24900 | Lair:3   | Killed a death yak
 25159 | Lair:2   | Killed a death yak
 26101 | Lair:3   | Found a hole to the Spider Nest.
 26198 | Lair:3   | Found a staircase to the Shoals.
 26590 | Lair:3   | Reached XP level 13. HP: 113/113 MP: 19/25
 26967 | Lair:4   | Reached skill level 10 in Fighting
 26969 | Lair:4   | Found a runed translucent door.
 26980 | Lair:4   | Reached skill level 13 in Unarmed Combat
 27393 | Lair:4   | Noticed bmj180's ghost (journeyman MiFi)
 27465 | Lair:4   | HP: 5/113 [poisoned by bmj180's ghost]
 27466 | Lair:4   | Succumbed to bmj180's ghost's poison

Illustrated notes

Levels and vault maps discovered:
D:1:      dpeg_arrival_simpleton_a, layout_rooms, serial_forest,
          infiniplex_forest_clump_diagonal, infiniplex_forest_end_1,
          infiniplex_forest_clump_double, infiniplex_forest_zigzag_1,
          infiniplex_forest_clump_diagonal, infiniplex_forest_lined_room_2,
          infiniplex_forest_clump_diagonal
D:2:      layout_rooms, roderic_roman_lattice, uniq_robin
D:3:      layout_basic, lemuel_zombie_altar_yredelemnul, minmay_misc_feat_cross,
          kennysheep_generic_room_5, uniq_sigmund
D:4:      layout_layer_cave, led_sif_pool, serial_shops, shop, moated_statue
D:5:      layout_basic, slow_altar_2, marbit_many_paths, cheibriados_altar_1
D:6:      layout_basic, nicolae_overflow_crystal_walls,
          minmay_temple_entry_drinking_statues, minmay_misc_feat_secret_circle,
          grunt_decor_clamped, chequers_hall_statues_y
D:7:      layout_basic, nemelex_xobeh_ov_fountains_minmay,
          kennysheep_vampire_church
D:8:      nzn_winding_woodlands_cross [nzn_winding_woodlands_5x15_sawtooth,
          nzn_winding_woodlands_5x15_twine,
          nzn_winding_woodlands_5x15_river_crossing,
          nzn_winding_woodlands_5x15_split_checker,
          nzn_winding_woodlands_15x15_five_gardens], layout_loops_cross,
          general_overflow_altar, basic_altar, minmay_misc_feat_five,
          nicolae_ru_sacrificial_ziggurat
D:9:      layout_basic, doesnt_xom_only_xom, kennysheep_mini, lair_entry_dummy,
          hiddenorc1_lemuel
D:10:     layout_loops_cross, minmay_radiant, uniq_maurice, uniq_joseph
D:11:     layout_irregular_city, serial_park_tiny_pond, minmay_quadrilaterals,
          uniq_grum
D:12:     cheibrodos_barr_body, layout_irregular_city, minmay_door_square
D:13:     layout_loops_ring, uniq_nessos
Temple:   hc_temple_tempest_star
Lair:1:   layout_concentric_octagons
Lair:2:   layout_cave_pods, infiniplex_staircase_pool
Lair:3:   layout_gridlike, elwin_shoals_entry_rocks,
          nicolae_spider_entry_non_spiders
Lair:4:   layout_cave_shapes, ebering_ghost_reflecting_pool

Skill      XL: |  1  2  3  4  5  6  7  8  9 10 11 12 13 |
---------------+----------------------------------------+-----
Dodging        | 2 3 4 5 6 8 |  8.6
Transmutations | 3 4 5 7 11 10 12 | 12.6
Fighting       | 2 3 4 5 6 9 8 10 | 10.0
Unarmed Combat | 4 5 6 7 9 12 11 13 | 13.0
Poison Magic   | 1 2 |  2.0
Spellcasting   | 3 4 5 8 7 |  8.7
Ice Magic      | 1 2 4 5 |  5.0

Action                   |  1- 3 |  4- 6 |  7- 9 | 10-12 | 13-15 || total
-------------------------+-------+-------+-------+-------+-------++-------
Melee: Unarmed           |   130 |   176 |   286 |   926 |    49 ||  1567
       Kick              |    15 |    14 |       |     5 |       ||    34
       Punch             |     2 |       |     1 |    11 |     2 ||    16
       Tailslap          |     8 |     5 |     6 |    38 |     6 ||    63
       Headbutt          |     7 |     8 |       |     3 |       ||    18
 Cast: Beastly Appendage |    21 |    19 |     2 |     3 |       ||    45
       Spider Form       |       |    14 |    36 |     2 |       ||    52
       Ice Form          |       |       |     5 |    94 |       ||    99
       Blade Hands       |       |       |     1 |    17 |     5 ||    23
Invok: Sacrifice Stealth |       |       |     1 |       |       ||     1
       Sacrifice Love    |       |       |       |     1 |       ||     1
       Sacrifice Experie |       |       |       |     1 |       ||     1
       Draw Out Power    |       |       |       |     1 |       ||     1
       Sacrifice Artific |       |       |       |     1 |       ||     1
       Reject Sacrifices |       |       |       |     1 |       ||     1
       Power Leap        |       |       |       |       |     1 ||     1
 Abil: End Transformatio |       |       |     1 |     1 |       ||     2
       Breathe Lightning |       |       |       |     4 |       ||     4
  Use: Scroll            |       |     2 |    15 |    13 |       ||    30
       Potion            |       |       |       |     2 |       ||     2
 Stab: Distracted        |       |       |       |     2 |     1 ||     3
       Invisible         |       |       |       |     6 |       ||     6
       Paralysed         |       |       |       |     2 |       ||     2
Armor: Skin              |    48 |    34 |    18 |   105 |     5 ||   210
Dodge: Dodged            |    98 |   120 |   277 |   695 |    49 ||  1239
Block: Other             |       |       |     2 |   191 |    14 ||   207
       Reflection        |       |       |       |     4 |       ||     4

Table legend: (Time is in decaauts)
 A = Elapsed time spent in this place.
 B = Non-inter-level travel time spent in this place.
 C = Inter-level travel time spent in this place.
 D = Time resting spent in this place.
 E = Time spent auto-exploring this place.
 F = Levels seen in this place.
 G = Mean time per level.
                   A        B        C        D        E       F      G
               +--------+--------+--------+--------+--------+-----+--------+
         Total |  27229 |  26587 |    642 |   3525 |  19682 |  18 | 1512.7 |
       Dungeon |  21650 |  21115 |    535 |   2843 |  15409 |  13 | 1665.4 |
        Temple |    469 |    432 |     37 |      0 |    429 |   1 |  469.0 |
          Lair |   5109 |   5040 |     69 |    682 |   3843 |   4 | 1277.2 |
               +--------+--------+--------+--------+--------+-----+--------+

Top non-repeatable levels by time:
    D:12: 2908 daAuts
    D:11: 2749 daAuts
  Lair:2: 2333 daAuts
     D:8: 2034 daAuts
    D:10: 1635 daAuts
     D:5: 1610 daAuts
     D:2: 1552 daAuts
     D:4: 1513 daAuts
     D:3: 1439 daAuts
     D:7: 1357 daAuts
    D:13: 1325 daAuts
     D:9: 1234 daAuts
     D:6: 1189 daAuts
  Lair:1: 1176 daAuts
     D:1: 1101 daAuts
